 Dungeon Crawl Stone Soup version 0.21.1-1-g345015fe64 (webtiles) character file.

44 Hercules1031 the Grave Robber (level 3, -1/24 HPs)
             Began as a Vampire Necromancer on June 9, 2018.
             Slain by Sigmund
             ... wielding a +0 scythe
              (8 damage)
             ... on level 2 of the Dungeon.
             The game lasted 00:13:50 (2193 turns).

Hercules1031 the Grave Robber (Vampire Necromancer) Turns: 2193, Time: 00:13:50

Health: -1/24      AC:  3    Str:  7    XL:     3   Next: 39%
Magic:  1/6        EV: 13    Int: 18    God:
Gold:   72         SH:  0    Dex: 14    Spells: 2/7 levels left

rFire    . . .     SeeInvis +   (no weapon)
rCold    . . .     Gourm    .   (no shield)
rNeg     . . .     Faith    .   e - +1 robe
rPois    .         Spirit   .   (no helmet)
rElec    .         Reflect  .   (no cloak)
rCorr    .         Harm     .   (no gloves)
MR       .....                  (no boots)
Stlth    ++........             (no amulet)
HPRegen  0.28/turn              (no ring)
MPRegen  0.10/turn              (no ring)

@: regenerating quickly
A: fangs 3, see invisible, unbreathing
a: no special abilities


You were on level 2 of the Dungeon.
You were full.

You visited 1 branch of the dungeon, and saw 2 of its levels.

You collected 72 gold pieces.

Inventory:

Hand Weapons
 d - a +1 long sword of holy wrath
Armour
 a - a +0 robe
 e - a +1 robe (worn)
 h - a +0 robe
Jewellery
 i - a +4 ring of intelligence {unknown}
Potions
 c - a potion of blood
 g - a potion of haste {unknown}
Books
 b - a book of Necromancy

   Spells                             Type                      Level
   a - Pain                           Necromancy                   1
   b - Animate Skeleton               Necromancy                   1
   c - Vampiric Draining              Necromancy                   3
   d - Regeneration                   Charms/Necromancy            3
   e - Animate Dead                   Necromancy                   4
   f - Borgnjor's Vile Clutch         Necromancy/Earth             5


   Skills:
 + Level 2.6 Dodging
 + Level 3.6 Stealth
 * Level 2.6 Spellcasting
 * Level 4.9 Necromancy


You had 2 spell levels left.
You knew the following spells:

 Your Spells              Type           Power        Failure   Level  Hunger
a - Pain                  Necr           ###.         2%          1    #......
b - Animate Skeleton      Necr           N/A          2%          1    #......
c - Vampiric Draining     Necr           ###.......   7%          3    ###....


Dungeon Overview and Level Annotations

Branches:
Dungeon (2/15)

Altars:
Cheibriados

Annotations:
D:2 Sigmund


Innate Abilities, Weirdness & Mutations

Your natural rate of healing is unusually fast.
You have razor-sharp teeth.
You have supernaturally acute eyesight. (SInv)
You can survive without breathing.


Message History

Confirm with . or Enter, or press ? or * to list all spells.
You don't have enough magic to cast that spell.
Unknown command.
Casting: Pain
Confirm with . or Enter, or press ? or * to list all spells.
You don't have enough magic to cast that spell.
You swap places.
Casting: Pain
Confirm with . or Enter, or press ? or * to list all spells.
You don't have enough magic to cast that spell.
Sigmund is nearby!
Sigmund is nearby!
Sigmund hits you but does no damage. Sigmund completely misses you.
Sigmund closely misses you.
Sigmund hits you from afar with a scythe!
Ouch! That really hurt!
* * * LOW HITPOINT WARNING * * *
Sigmund hits you from afar with a scythe!
You die...

#.........# .#
..........##.#### ..
................# .#
................# .#
.#######........# .# .#
#........# .# .#
#........# .#
.#######........##@##..#
................@Z...>.#
############.#.###.#.###
# #.#.# .# # #.#.. .# #
....## ## # ..... #
...... # ...... ####


You could see Sigmund (invisible) and a friendly leopard gecko skeleton.

Vanquished Creatures
  A worm (D:2)
  3 dart slugs
  A leopard gecko (D:2)
  2 giant cockroaches (D:1)
  5 goblins (D:1)
  2 hobgoblins (D:1)
  4 kobolds
  2 quokkas (D:2)
  A ball python (D:1)
  7 bats
  2 frilled lizards
  4 rats
34 creatures vanquished.

Notes
Turn   | Place    | Note
-------+----------+-------------------------------------------
     0 | D:1      | Hercules1031 the Vampire Necromancer began the quest for the Orb.
     0 | D:1      | Reached XP level 1. HP: 13/13 MP: 3/3
     3 | D:1      | Learned a level 1 spell: Animate Skeleton
   231 | D:1      | Reached XP level 2. HP: 4/19 MP: 0/5
   736 | D:1      | Found a snail-covered altar of Cheibriados.
  1553 | D:2      | Reached XP level 3. HP: 14/24 MP: 2/6
  1559 | D:2      | Learned a level 3 spell: Vampiric Draining
  1573 | D:2      | HP: 1/24 [worm (7)]
  2180 | D:2      | Noticed Sigmund
  2193 | D:2      | Slain by Sigmund

Action                   || total
-------------------------++-------
Melee: Unarmed           ||    57
       Bite              ||     5
 Cast: Pain              ||    64
       Animate Skeleton  ||     6
 Abil: End Transformatio ||     1
       Bat Form          ||     1
  Use: Potion            ||     3
       Scroll            ||     4
  Eat: Corpse            ||    10
Armor: Robe              ||    14
Dodge: Dodged            ||    79
